 Dungeon Crawl Stone Soup version 0.31-a0-358-gac0dbeb3ab (webtiles) character file.

Game seed: 11588677795788602552

504711 chipmonk the Slayer (level 23, -2/232 HPs)
             Began as a Minotaur Berserker on June 28, 2023.
             Was the Champion of Trog.
             Killed from afar by a frost giant (27 damage)
             ... with a bolt of cold
             ... on level 3 of the Depths on July 25, 2023.
             The game lasted 03:16:12 (44269 turns).

chipmonk the Slayer (Minotaur Berserker)           Turns: 44269, Time: 03:16:13

Health: -2/232     AC: 45    Str: 35    XL:     23   Next: 82%
Magic:  22/22      EV: 17    Int: 16    God:    Trog [******]
Gold:   2333       SH: 22    Dex: 16    Spells: 22/22 levels left

rFire   . . .        Z - +6 broad axe "Ruxarutt" {heavy, Fly Dex+2 SInv}
rCold   . . .        B - +5 kite shield {rN+}
rNeg    + + +        D - +8 orange crystal plate armour {Archmagi, Int+3 Clar}
rPois   .            (helmet restricted)
rElec   .            E - +2 cloak
rCorr   .            W - +1 pair of gloves of the Pit {rN+ Int+4}
SInv    +            P - +2 pair of boots {rampage}
Will    ++++.        j - amulet of reflection Stlth
                     y - ring "Weuhase" {Will+ Dex+3}
HPRegen 1.58/turn    e - ring "Abrej" {rN+ Str+3 Int+5}
MPRegen 0.18/turn

%: reflection, clarity, rampage, archmagi
@: strong-willed, flying, regenerating
A: horns 2, retaliatory headbutt, subdued magic 1
}: 3/15 runes: serpentine, barnacled, silver
a: Renounce Religion, Berserk, Trog's Hand, Brothers in Arms


You were on level 3 of the Depths.
You worshipped Trog.
Trog was exalted by your worship.
You visited 9 branches of the dungeon, and saw 43 of its levels.
You visited 1 bazaar.

You collected 6144 gold pieces.
You spent 3811 gold pieces at shops.

Inventory:

Hand Weapons
 o - a +9 vampiric broad axe
 N - a +4 dire flail of draining
 U - a +8 antimagic broad axe
 Z - the +6 broad axe "Ruxarutt" (weapon) {heavy, Fly Dex+2 SInv}
   (Trog gifted it to you on level 2 of the Depths)

   Dex:       It affects your dexterity (+2).
   SInv:      It lets you see invisible.
   Fly:       It grants you flight.
Missiles
 f - 26 poisoned darts
 u - 11 throwing nets
 A - 6 curare-tipped darts (quivered)
Armour
 B - a +5 kite shield of positive energy (worn)
 D - the +8 orange crystal plate armour (worn) {Archmagi, Int+3 Clar}
   (You acquired it on level 6 of the Dungeon)

   Int:       It affects your intelligence (+3).
   Clar:      It protects you from confusion, rage, mesmerisation and fear.
 E - a +2 cloak (worn)
 P - a +2 pair of boots of rampaging (worn)
 W - the +1 pair of gloves of the Pit (worn) {rN+ Int+4}
   (You bought it in a shop on level 2 of the Elven Halls)

   Int:       It affects your intelligence (+4).
   rN:        It protects you from negative energy.
Jewellery
 e - the ring "Abrej" (right hand) {rN+ Str+3 Int+5}
   (You bought it in a shop in a bazaar)

   [ring of positive energy]

   Str:       It affects your strength (+3).
   Int:       It affects your intelligence (+5).
   rN:        It protects you from negative energy.
 g - the ring of Leuninee {rPois Str+2}
   (You found it on level 2 of the Vaults)

   [ring of poison resistance]

   Str:       It affects your strength (+2).
   rPois:     It protects you from poison.
 j - an amulet of reflection (around neck)
 l - an amulet of regeneration
 v - a ring of willpower
 y - the ring "Weuhase" (left hand) {Will+ Dex+3}
   (You took it off a salamander mystic on level 4 of the Snake Pit)

   [ring of willpower]

   Dex:       It affects your dexterity (+3).
   Will:      It increases your willpower.
 C - a ring of protection from cold
 S - a ring of resist corrosion
 T - a ring of see invisible
 X - the ring of Weopauw {Ice Will++ rCorr Str-4 Dex+3}
   (You found it on level 3 of the Elven Halls)

   [ring of ice]

   It enhances your ice magic.
   Str:       It affects your strength (-4).
   Dex:       It affects your dexterity (+3).
   rF:        It makes you vulnerable to fire.
   rC:        It protects you from cold.
   rCorr:     It protects you from acid and corrosion.
   Will:      It greatly increases your willpower.
Wands
 a - a wand of quicksilver (29)
 G - a wand of digging (17)
 I - a wand of polymorph (24)
 J - a wand of iceblast (21)
 O - a wand of paralysis (19)
 R - a wand of flame (30)
 Y - a wand of mindburst (2)
Scrolls
 c - 8 scrolls of blinking
 i - 6 scrolls of immolation
 k - 23 scrolls of teleportation
 t - 3 scrolls of enchant armour
 w - 8 scrolls of fog
 z - 13 scrolls of identify
 F - 5 scrolls of fear
 H - 2 scrolls of brand weapon
 L - a scroll of summoning
 M - 3 scrolls of silence
Potions
 b - 5 potions of ambrosia
 d - 5 potions of mutation
 h - a potion of invisibility
 n - 25 potions of curing
 p - 5 potions of haste
 q - 6 potions of might
 r - 8 potions of heal wounds
 s - 5 potions of enlightenment
 x - 10 potions of lignification
 Q - 3 potions of resistance
Miscellaneous
 m - a phial of floods
 K - a phantom mirror
 V - a piece from Xom's chessboard (15/15)


   Skills:
 + Level 24.7 Fighting
 - Level 18.0 Axes
 - Level 16.0 Staves
 - Level 13.0 Throwing
 + Level 19.7 Armour
 + Level 22.0 Dodging
 - Level 5.0 Stealth
 + Level 11.1 Shields
 - Level 12.7 Evocations


You had 22 spell levels left.
You didn't know any spells.
Your spell library was empty.

Dungeon Overview and Level Annotations

Branches:
Dungeon (15/15)            Temple (1/1) D:5            Lair (5/5) D:10
 Shoals (4/4) Lair:2        Snake (4/4) Lair:2        Slime (0/5) Lair:4
    Orc (2/2) D:10            Elf (3/3) Orc:2        Vaults (5/5) D:13
  Crypt (0/3) Vaults:2     Depths (4/4) D:15
    Zot: Depths:4

Altars:
Ashenzari
Cheibriados
Dithmenos
Elyvilon
Fedhas
Gozag
Hepliaklqana
Kikubaaqudgha
Makhleb
Nemelex Xobeh
Okawaru
Qazlal
Ru
Sif Muna
Trog
Uskayaw
Vehumet
Wu Jian
Xom
Yredelemnul
Zin
The Shining One
Jiyva

Shops:
D:2 *   D:4 !   D:6 =[   D:9 (   Orc:2 *?[[   Elf:2 [!!   Elf:3 :   Shoals:4 (
Snake:1 !   Snake:2 :   Snake:3 :?   Vaults:4 (

Portals:
Hell: Depths:1 Depths:2 Depths:3 Depths:4
Abyss: Depths:2
Pandemonium: Depths:2
Ziggurat: Depths:1

Annotations:
D:5 1 runed translucent door
Snake:2 1 transporter
Depths:3 1 runed translucent door


Innate Abilities, Weirdness & Mutations

You have a pair of horns on your head.
You reflexively headbutt those who attack you in melee.
Your spells are a little easier to cast, but a little less powerful.


Message History

Trog accepts your kill.
You carve the iron troll like a ham!!!
You kill the iron troll!
Trog accepts your kill.
You rampage towards the lich!
You hit the lich. Your headbutt misses the lich.
The lich is lightly damaged.
The lich mumbles some strange words.
The lich seems to speed up.
You chop the lich into pieces!!!!
You destroy the lich!
Trog accepts your kill.
Trog appreciates your killing of a magic user.
You hear a shout! x2; You hear an angry buzzing noise.
A frost giant comes into view.
It is wielding a +0 battleaxe of freezing.
Found a runed translucent door.
The frost giant gestures at you while chanting.
The bolt of cold hits you!!!
A fire giant comes into view.
It is wielding a +1 great sword of flaming.
A titan comes into view.
You block the frost giant's attack.
You slice the frost giant!!
You headbutt the frost giant, but do no damage.
The frost giant is lightly wounded.
The frost giant points at you and mumbles some strange words.
The bolt of cold hits you but does no damage.
The bolt of cold hits you!!!
* * * LOW HITPOINT WARNING * * *
The bolt of cold hits the frost giant.
The frost giant resists.
Okay, then.
Press: ? - help, v - describe, . - travel
Here: a frost giant, wielding a +0 battleaxe of freezing (moderately wounded)
The floor, spattered with blood.
You slice the frost giant!! You headbutt the frost giant.
The frost giant is heavily wounded.
The frost giant gestures at you while chanting.
The bolt of cold hits you!!
* * * LOW HITPOINT WARNING * * *
The bolt of cold hits you!!
You die...

.##.##. .#C#. #.# .#+#.
.. C.. #.#.# #.# ..#...
..#.## #. #.#
#.##.##.#... #.. #.#
##..#C#..#.###.. #.#
#...#@#........ #.#
#.#..#..#..#.# #.#
#.##.#.......#
###.#####.##....##.####
#.............).†.....#
#.#...........#...##.##
#.#..........#†....#
#.#.####.####.††#.##
#.#.# # #....#.#


You could see a titan, a frost giant and a fire giant.

Vanquished Creatures
  A dread lich (Vaults:5)
  2 ancient liches
  Saint Roka (Snake:4)
  A golden dragon (Vaults:5)
  Jory (Vaults:3)
  5 tentacled monstrosities
  Jorgrun (D:14)
  A walking crystal tome (Depths:2)
  4 titans
  A lich (Depths:3)
  A quicksilver dragon (Vaults:5)
  A deep elf master archer (Elf:3)
  3 deep elf blademasters
  The ghost of Plog the Wrestler, an adept TrMo of Hepliaklqana (Depths:2)
  2 sphinxes
  Kirke (Shoals:3)
  Polyphemus (Shoals:2)
  4 shadow dragons (Vaults:5)
  2 storm dragons
  3 tengu reavers (Vaults:5)
  A revenant (Vaults:2)
  An azure jelly (Lair:5)
  4 nagarajas (Snake:4)
  Roxanne (Shoals:1)
  2 fire giants (Vaults:5)
  3 iron dragons
  Ilsuiw (Shoals:3)
  A spectral juggernaut (Depths:1)
  2 rockslimes (Depths:2)
  22 vault wardens
  10 frost giants
  10 deep elf sorcerers
  Louise (Elf:2)
  4 deep elf elementalists
  2 quicksilver oozes (Depths:2)
  9 stone giants
  2 reapers
  An orc warlord (Orc:1)
  2 juggernaut skeletons (Depths:2)
  A war gargoyle (Vaults:1)
  A formless jellyfish (Vaults:4)
  6 ironbound thunderhulks
  9 ironbound preservers
  A vampire knight (Depths:4)
  9 very ugly things
  Nessos (D:15)
  4 deep elf demonologists
  2 dire elephants (Vaults:3)
  A lorocyproca (Depths:2)
  8 deep elf annihilators
  4 spark wasps (Depths:2)
  3 crystal guardians
  7 deep elf death magi
  9 merfolk javelineers
  9 ettins
  8 merfolk impalers
  5 deep elf high priests
  7 fire dragons
  13 yaktaur captains
  5 great orbs of eyes
  3 ice dragons (Depths:2)
  28 vault guards
  3 salamander tyrants
  5 peacekeepers
  A spriggan air mage (Depths:2)
  A caustic shrike simulacrum (Depths:2)
  5 hydras
  7 ironbound frosthearts
  3 alligator snapping turtles
  2 hell beasts (Depths:1)
  An ogre mage (Vaults:1)
  3 catoblepae
  5 merfolk aquamancers
  9 anacondas
  25 dancing weapons
  3 deep troll shamans
  10 death yaks
  11 centaur warriors
  10 naga warriors
  7 deep troll earth magi
  A satyr (Shoals:4)
  A boulder beetle (D:14)
  2 tengu warriors
  3 two-headed ogres
  7 orc high priests
  A vampire mage (Depths:2)
  5 naga sharpshooters
  Urug (Lair:4)
  14 shock serpents
  17 deep elf knights
  5 hell knights
  Sonja (D:13)
  A skyshark (shapeshifter) (Elf:1)
  A soul eater (Depths:2)
  3 salamander mystics
  A sixfirhy (Depths:2)
  3 skysharks (Shoals:1)
  12 iron trolls
  41 deep trolls
  A quicksilver dragon simulacrum (Depths:1)
  Lodul (D:11)
  A naga ritualist (Snake:4)
  2 glowing orange brains
  10 slime creatures
  12 sea snakes
  A kraken simulacrum (Shoals:4)
  17 deep elf archers
  7 necromancers
  10 wizards
  A steelbarb worm (shapeshifter) (D:15)
  5 phantasmal warriors
  Pikel (D:9)
  11 harpies
  A swamp dragon (Lair:5)
  6 mana vipers
  20 ironbound convokers
  30 deep elf pyromancers
  25 deep elf zephyrmancers
  2 lindwurms (Vaults:4)
  3 orc sorcerers (Orc:2)
  4 orc knights (Orc:2)
  10 salamanders
  2 frost giant zombies
  3 fauns (Shoals:1)
  27 ugly things
  A wolf spider (Lair:5)
  21 manticores
  8 cyclopes
  10 elephants
  25 vault sentinels
  An elephant (shapeshifter) (Depths:2)
  2 fire giant skeletons (Depths:1)
  10 merfolk sirens
  A stone giant zombie (Depths:1)
  3 guardian serpents
  2 ice statues (D:15)
  37 black mambas
  A torpor snail (Lair:2)
  11 naga magi
  An unseen horror (D:10)
  A gargoyle (D:12)
  3 orange demons (Depths:2)
  6 water nymphs
  A cane toad (shapeshifter) (Vaults:4)
  22 cane toads
  3 komodo dragons
  A kobold demonologist (D:6)
  2 efreet
  6 rime drakes
  A tengu conjurer (D:15)
  An ice devil (Depths:2)
  2 freezing wraiths
  26 yaktaurs
  11 trolls
  6 wind drakes
  26 merfolk
  A meliai (shapeshifter) (Elf:1)
  A hellwing (Depths:2)
  8 polar bears
  9 snapping turtles
  21 blink frogs
  3 hornets (Lair:5)
  7 air elementals
  A fire giant simulacrum (Depths:2)
  A flying skull (Vaults:2)
  7 shadows
  22 water elementals
  18 humans (D:13)
  5 basilisks
  21 wyverns
  3 hogs (Shoals:3)
  69 yaks
  A neqoxec (Depths:2)
  Grum (D:11)
  5 vampire mosquitoes
  2 steam dragons
  6 fire elementals
  A redback (shapeshifter) (Vaults:1)
  6 wargs
  2 redbacks (Lair:5)
  A chaos spawn (Depths:2)
  Menkaure (D:6)
  28 nagas
  19 water moccasins
  4 acid dragons
  Duvessa (D:7)
  29 orc warriors
  2 swamp drakes (Lair:5)
  2 black bears
  An ice beast (D:8)
  2 sky beasts
  23 wolves
  10 centaurs
  11 ogres
  2 phantoms
  2 kobold brigands
  10 bullfrogs
  10 scorpions
  A gnoll sergeant (D:9)
  8 earth elementals
  9 jellies
  Dowan (D:7)
  4 killer bees
  9 electric eels
  2 howler monkeys
  6 hounds
  19 orc priests
  6 iguanas
  7 hell rats (Lair:3)
  2 sleepcaps
  A gnoll bouda (D:4)
  19 orc wizards
  Robin (D:2)
  11 gnolls
  12 adders
  2 shadow imps
  A white imp (D:5)
  2 ufetubi
  3 worms
  A dart slug (D:1)
  89 orcs
  8 endoplasms
  7 giant cockroaches
  15 goblins
  10 hobgoblins
  8 jackals
  5 quokkas
  3 training dummies (Shoals:4)
  7 ball pythons
  6 bats
  A frilled lizard (D:2)
  16 kobolds
  9 rats
  A butterfly (D:5)
  A tentacle (Shoals:4)
1648 creatures vanquished.

Vanquished Creatures (collateral kills)
  Rupert (D:14)
  A tentacled monstrosity (Vaults:5)
  A titan (Vaults:5)
  2 quicksilver dragons (Snake:4)
  A deep elf blademaster (Elf:3)
  3 acid blobs (Depths:2)
  Frances (D:14)
  A shadow dragon (Vaults:5)
  2 azure jellies (Depths:2)
  A rockslime (Depths:2)
  A deep elf elementalist (Elf:3)
  A quicksilver ooze (Depths:2)
  A stone giant (Vaults:5)
  A deep elf annihilator (Elf:3)
  A bunyip (shapeshifter) (Vaults:5)
  A deep elf death mage (Elf:3)
  A crystal guardian (Vaults:3)
  2 deep elf high priests (Elf:3)
  3 vault guards (Vaults:5)
  2 great orbs of eyes
  2 salamander tyrants (Snake:4)
  A death yak (Shoals:3)
  A satyr (Shoals:3)
  A deep troll shaman (Vaults:5)
  A deep troll earth mage (Vaults:5)
  A naga warrior (Snake:4)
  A hell knight (Depths:2)
  An ironbound convoker (Vaults:5)
  2 deep elf zephyrmancers
  A naga ritualist (Snake:4)
  2 deep elf pyromancers
  2 fauns (Shoals:3)
  A cyclops (D:14)
  A guardian serpent (Snake:4)
  2 eyes of devastation (Depths:2)
  2 black mambas (Snake:4)
  A warg (Orc:1)
  2 nagas (Snake:4)
  2 orc warriors (Orc:1)
  An ogre (Orc:1)
  An orc wizard (Orc:1)
57 creatures vanquished.

Vanquished Creatures (others)
  A fire giant (Depths:3)
  A merfolk aquamancer (Shoals:2)
  A deep elf knight (Elf:1)
  A sea snake (Shoals:3)
  An ironbound convoker (Vaults:5)
  A deep elf pyromancer (Elf:1)
  2 fauns
  A water nymph (Shoals:3)
  An unseen horror (D:12)
  A merfolk (Shoals:2)
  A centaur zombie (D:14)
  An iguana (Lair:5)
  An adder (D:6)
  An orc (Elf:2)
  3 tentacles (Shoals:4)
18 creatures vanquished.

Grand Total: 1723 creatures vanquished

Notes
Turn   | Place    | Note
-------+----------+-------------------------------------------
     0 | D:1      | chipmonk the Minotaur Berserker began the quest for the
                  | Orb.
     0 | D:1      | Reached XP level 1. HP: 19/19 MP: 0/0
    17 | D:1      | Found a faded altar of an unknown god.
   133 | D:1      | Reached XP level 2. HP: 25/27 MP: 1/1
   370 | D:1      | Reached skill level 4 in Fighting
   527 | D:1      | Reached XP level 3. HP: 27/33 MP: 2/2
   881 | D:2      | Reached ** piety under Trog
   924 | D:2      | Noticed Robin
   932 | D:2      | Reached XP level 4. HP: 41/41 MP: 3/3
   939 | D:2      | Killed Robin
  1094 | D:2      | Found Qunwuon's Assorted Antiques.
  1916 | D:3      | Reached XP level 5. HP: 47/47 MP: 4/4
  2477 | D:4      | Found a shimmering altar of Xom.
  2532 | D:4      | Found a shadowy altar of Dithmenos.
  2589 | D:4      | Reached *** piety under Trog
  2631 | D:4      | Reached skill level 5 in Fighting
  2631 | D:4      | Reached skill level 5 in Axes
  2695 | D:4      | Reached XP level 6. HP: 51/56 MP: 5/5
  2701 | D:4      | Found a burning altar of Makhleb.
  3186 | D:4      | Found Xaigeat's Distillery.
  3197 | D:4      | Upgraded the game from 0.31-a0-207-g184df878d8 to
                  | 0.31-a0-234-gad7ace16ef
  3520 | D:4      | Upgraded the game from 0.31-a0-234-gad7ace16ef to
                  | 0.31-a0-354-g827e0957a7
  3547 | D:5      | Entered Level 5 of the Dungeon
  3563 | D:5      | Reached skill level 5 in Armour
  3563 | D:5      | Reached XP level 7. HP: 37/62 MP: 6/6
  4159 | D:5      | Reached skill level 6 in Fighting
  4191 | D:5      | Reached skill level 5 in Dodging
  4710 | D:5      | Found a staircase to the Ecumenical Temple.
  4719 | Temple   | Entered the Ecumenical Temple
  4764 | D:5      | Found a runed translucent door.
  4766 | D:5      | Found a runed translucent door.
  4781 | D:5      | Reached XP level 8. HP: 71/71 MP: 7/7
  4790 | D:5      | Reached skill level 7 in Fighting
  5005 | D:6      | Reached **** piety under Trog
  5464 | D:6      | Noticed Menkaure
  5472 | D:6      | Reached XP level 9. HP: 59/81 MP: 8/8
  5474 | D:6      | Reached skill level 8 in Fighting
  5476 | D:6      | Killed Menkaure
  5495 | D:6      | Identified a scroll of acquirement
  5495 | D:6      | Acquired the +8 orange crystal plate armour {Archmagi,
                  | Int+3 Clar}
  5495 | D:6      | Found the +8 orange crystal plate armour {Archmagi, Int+3
                  | Clar}
  5512 | D:6      | Found Hocafiu's Jewellery Shoppe.
  5555 | D:6      | Found Estriolosch's Armour Emporium.
  5556 | D:6      | Noticed a kobold demonologist
  5557 | D:6      | Noticed a red devil
  5568 | D:6      | Noticed an ice devil
  5572 | D:6      | Killed a kobold demonologist
  6076 | D:7      | Noticed Dowan
  6080 | D:7      | Noticed Duvessa
  6091 | D:7      | Killed Duvessa
  6092 | D:7      | Reached skill level 9 in Fighting
  6104 | D:7      | Killed Dowan
  6535 | D:8      | Noticed a two-headed ogre
  6541 | D:8      | Killed a two-headed ogre
  6542 | D:8      | Reached XP level 10. HP: 91/91 MP: 9/9
  7304 | D:9      | Reached skill level 10 in Fighting
  7304 | D:9      | Reached skill level 10 in Axes
  7558 | D:9      | Found a radiant altar of Vehumet.
  7571 | D:9      | Found Ruerevoy's Weapon Shop.
  7881 | D:9      | Reached skill level 1 in Evocations
  8094 | D:9      | Noticed Pikel
  8115 | D:9      | Killed Pikel
  8116 | D:9      | Reached skill level 10 in Armour
  8226 | D:10     | Entered Level 10 of the Dungeon
  8246 | D:10     | You fall into a shaft and drop 2 floors!
  8265 | D:12     | Noticed a six-headed hydra
  8274 | D:12     | Killed a six-headed hydra
  8320 | D:11     | Noticed a cyclops
  8325 | D:11     | Noticed a cyclops
  8328 | D:11     | Noticed a two-headed ogre
  8329 | D:11     | Killed a cyclops
  8373 | D:12     | Noticed a manticore
  8374 | D:12     | Noticed a manticore
  8383 | D:11     | Killed a two-headed ogre
  8384 | D:11     | Reached XP level 11. HP: 101/101 MP: 10/10
  8468 | D:10     | Reached skill level 11 in Fighting
  8522 | D:10     | Reached ***** piety under Trog
  8563 | D:10     | Found a staircase to the Lair.
  8794 | D:10     | Found a staircase to the Orcish Mines.
  9089 | D:10     | Found a bloodstained altar of Trog.
  9291 | D:11     | Received a gift from Trog
  9387 | D:11     | Noticed Lodul
  9400 | D:11     | Killed Lodul
  9446 | D:11     | Reached skill level 12 in Fighting
  9446 | D:11     | Reached skill level 5 in Evocations
  9532 | D:11     | Noticed Grum
  9549 | D:11     | Killed Grum
  9723 | D:11     | Noticed a brown ugly thing
  9731 | D:11     | Killed a brown ugly thing
  9815 | D:12     | Reached XP level 12. HP: 100/113 MP: 11/11
 10162 | D:12     | Upgraded the game from 0.31-a0-354-g827e0957a7 to
                  | 0.31-a0-358-gac0dbeb3ab
 10414 | D:13     | Noticed a centaur warrior
 10424 | D:13     | Killed a centaur warrior
 10555 | D:13     | Noticed Sonja
 10562 | D:13     | Noticed a two-headed ogre
 10569 | D:13     | Killed a two-headed ogre
 10573 | D:13     | Killed Sonja
 10596 | D:13     | Noticed a centaur warrior
 10603 | D:13     | Killed a centaur warrior
 10801 | D:13     | Noticed a five-headed hydra
 10806 | D:13     | Killed a five-headed hydra
 10807 | D:13     | Reached skill level 13 in Fighting
 11030 | D:13     | Reached skill level 10 in Dodging
 11061 | D:13     | Noticed a vault guard
 11092 | D:13     | Killed a vault guard
 11093 | D:13     | Noticed a vault guard
 11096 | D:13     | Noticed a vault guard
 11125 | D:13     | Killed a vault guard
 11128 | D:13     | Killed a vault guard
 11151 | D:13     | Received a gift from Trog
 11188 | D:13     | Found a gate to the Vaults.
 11387 | D:14     | Reached XP level 13. HP: 118/123 MP: 12/12
 11445 | D:14     | Noticed Jorgrun
 11478 | D:14     | Killed Jorgrun
 11600 | D:14     | Reached skill level 14 in Fighting
 11637 | D:14     | Noticed Frances
 11652 | D:14     | Noticed Rupert
 11653 | D:14     | Gained mutation: Your spells are a little easier to cast,
                  | but a little less powerful. [a neqoxec]
 11659 | D:14     | Killed Frances
 11663 | D:14     | Killed Rupert
 12272 | Lair:1   | Entered Level 1 of the Lair of Beasts
 12558 | Lair:1   | Reached skill level 15 in Fighting
 12806 | Lair:1   | Reached skill level 15 in Axes
 12965 | Lair:2   | Found a staircase to the Snake Pit.
 13125 | Lair:2   | Reached XP level 14. HP: 135/135 MP: 13/13
 13135 | Lair:2   | Received a gift from Trog
 13272 | Lair:2   | Reached skill level 15 in Armour
 13660 | Lair:2   | Found a staircase to the Shoals.
 15287 | Lair:4   | Found a staircase to the Slime Pits.
 15287 | Lair:4   | Found a viscous altar of Jiyva.
 15305 | Lair:4   | Received a gift from Trog
 15628 | Lair:4   | Noticed Urug
 15638 | Lair:4   | Killed Urug
 15639 | Lair:4   | Reached skill level 16 in Fighting
 16039 | Lair:5   | Entered Level 5 of the Lair of Beasts
 16419 | Lair:5   | Reached ****** piety under Trog
 16430 | Lair:5   | Reached XP level 15. HP: 145/145 MP: 14/14
 16532 | Lair:5   | Noticed an azure jelly
 16544 | Lair:5   | Killed an azure jelly
 17047 | Lair:5   | Received a gift from Trog
 17562 | Orc:1    | Entered Level 1 of the Orcish Mines
 17568 | Orc:1    | Reached skill level 17 in Fighting
 17899 | Orc:2    | Entered Level 2 of the Orcish Mines
 17923 | Orc:2    | Received a gift from Trog
 18317 | Orc:2    | Found Gothracemo's General Store.
 18317 | Orc:2    | Found Siamupt's Armour Shop.
 18319 | Orc:2    | Found Ipoyrph's Magic Scroll Emporium.
 18319 | Orc:2    | Found Sohex's Antique Armour Shop.
 18326 | Orc:2    | Bought a potion of curing for 51 gold pieces
 18326 | Orc:2    | Bought a scroll of identify for 34 gold pieces
 18335 | Orc:2    | Bought a +2 pair of boots of rampaging for 279 gold pieces
 18383 | Orc:2    | Found a staircase to the Elven Halls.
 18681 | Orc:2    | Bought a scroll of teleportation for 45 gold pieces
 18681 | Orc:2    | Bought a scroll of identify for 30 gold pieces
 18681 | Orc:2    | Bought a scroll of teleportation for 45 gold pieces
 18681 | Orc:2    | Bought a scroll of blinking for 112 gold pieces
 18681 | Orc:2    | Bought a scroll of identify for 30 gold pieces
 18681 | Orc:2    | Bought a scroll of brand weapon for 142 gold pieces
 18681 | Orc:2    | Bought a scroll of silence for 142 gold pieces
 18730 | Elf:1    | Entered Level 1 of the Elven Halls
 18809 | Elf:1    | Noticed a deep elf sorcerer
 18825 | Elf:1    | Killed a deep elf sorcerer
 18854 | Elf:1    | Received a gift from Trog
 18864 | Elf:1    | Reached XP level 16. HP: 70/157 MP: 5/15
 18872 | Elf:1    | Reached skill level 15 in Dodging
 18989 | Elf:1    | Paralysed by an air elemental for 1 turns
 19115 | Elf:1    | Noticed an Executioner
 19321 | Elf:1    | Reached skill level 18 in Fighting
 20045 | Snake:1  | Entered Level 1 of the Snake Pit
 20063 | Snake:1  | Received a gift from Trog
 20697 | Snake:1  | You fall into a shaft and drop 1 floor!
 20697 | Snake:2  | Found a transporter.
 20736 | Snake:2  | Found a transporter.
 20745 | Snake:2  | Found a transporter.
 20753 | Snake:2  | Found a transporter.
 20792 | Snake:2  | Found a transporter.
 20798 | Snake:2  | Found a transporter.
 20966 | Snake:2  | Found Roboive's Tiny Tomes.
 21991 | Snake:1  | Found Ymybagg's Distillery.
 22013 | Snake:1  | Bought a potion of resistance for 170 gold pieces
 22013 | Snake:1  | Bought a potion of resistance for 170 gold pieces
 22013 | Snake:1  | Bought a potion of curing for 51 gold pieces
 22013 | Snake:1  | Bought a potion of might for 68 gold pieces
 22013 | Snake:1  | Bought a potion of curing for 51 gold pieces
 22013 | Snake:1  | Bought a potion of might for 68 gold pieces
 22013 | Snake:1  | Bought a potion of curing for 51 gold pieces
 22486 | Snake:3  | Received a gift from Trog
 22529 | Snake:3  | Reached XP level 17. HP: 105/161 MP: 16/16
 22652 | Snake:3  | Reached skill level 19 in Fighting
 22661 | Snake:3  | Reached skill level 1 in Shields
 22734 | Snake:3  | Found Vahuur's Book Shop.
 22860 | Snake:3  | Found Hecemum's Magic Scroll Emporium.
 22886 | Snake:3  | Bought a scroll of enchant armour for 127 gold pieces
 22886 | Snake:3  | Bought a scroll of summoning for 161 gold pieces
 22886 | Snake:3  | Bought a scroll of enchant weapon for 127 gold pieces
 22886 | Snake:3  | Bought a scroll of teleportation for 51 gold pieces
 23448 | Snake:4  | Entered Level 4 of the Snake Pit
 23875 | Snake:4  | Found a runed translucent door.
 23995 | Snake:4  | Found a blossoming altar of Fedhas.
 24097 | Snake:4  | Noticed Saint Roka
 24126 | Snake:4  | Killed Saint Roka
 24219 | Snake:4  | Noticed a quicksilver dragon
 24220 | Snake:4  | Noticed a quicksilver dragon
 24233 | Snake:4  | Killed a quicksilver dragon
 24241 | Snake:4  | Killed a quicksilver dragon
 24244 | Snake:4  | Received a gift from Trog
 24429 | Snake:4  | Reached skill level 5 in Shields
 24453 | Snake:4  | Got a serpentine rune of Zot
 24574 | Snake:4  | Identified the ring "Weuhase" {Will+ Dex+3}
 25002 | Shoals:1 | Entered Level 1 of the Shoals
 25184 | Shoals:1 | Noticed Roxanne
 25277 | Shoals:1 | Reached skill level 20 in Fighting
 25552 | Shoals:1 | Killed Roxanne
 26136 | Shoals:2 | Received a gift from Trog
 26209 | Shoals:2 | Reached XP level 18. HP: 135/178 MP: 17/17
 26214 | Shoals:2 | Reached skill level 1 in Throwing
 26685 | Shoals:3 | Noticed Polyphemus
 26698 | Shoals:2 | Killed Polyphemus
 26785 | Shoals:3 | Noticed Ilsuiw
 26873 | Shoals:3 | Killed Ilsuiw
 26898 | Shoals:3 | Noticed Kirke
 26908 | Shoals:3 | Killed Kirke
 27762 | Shoals:4 | Entered Level 4 of the Shoals
 27800 | Shoals:4 | Received a gift from Trog
 28105 | Shoals:4 | Got a barnacled rune of Zot
 28512 | Shoals:4 | Identified the +7 trident "Poloakk" {venom, Will+}
 28709 | Shoals:4 | Found Teynocwejau's Firing Range.
 29123 | D:15     | Entered Level 15 of the Dungeon
 29191 | D:15     | Found a staircase to the Depths.
 29198 | D:15     | Reached skill level 5 in Throwing
 29283 | D:15     | Received a gift from Trog
 29431 | D:15     | Found a broken altar of Ashenzari.
 29433 | D:15     | Noticed Nessos
 29450 | D:15     | Killed Nessos
 29694 | D:15     | Reached skill level 21 in Fighting
 30396 | D:15     | Reached skill level 10 in Shields
 30802 | Elf:2    | Paralysed by an air elemental for 1 turns
 30892 | Elf:2    | Reached skill level 1 in Stealth
 30956 | Elf:2    | Found Xaxyvin's Distillery.
 30983 | Elf:2    | Noticed Louise
 31003 | Elf:2    | Killed Louise
 31155 | Elf:2    | Found a runed translucent gate.
 31157 | Elf:2    | Found a runed translucent gate.
 31157 | Elf:2    | Found a runed translucent gate.
 31201 | Elf:2    | Bought a potion of invisibility for 88 gold pieces
 31201 | Elf:2    | Bought a potion of might for 44 gold pieces
 31201 | Elf:2    | Bought a potion of resistance for 110 gold pieces
 31201 | Elf:2    | Bought a potion of heal wounds for 55 gold pieces
 31297 | Elf:2    | Found Duplut's Distillery.
 31323 | Elf:2    | Bought a potion of might for 68 gold pieces
 31323 | Elf:2    | Bought a potion of heal wounds for 85 gold pieces
 31323 | Elf:2    | Bought a potion of heal wounds for 85 gold pieces
 31323 | Elf:2    | Bought a potion of heal wounds for 85 gold pieces
 31501 | Elf:2    | Found Qyjaf's Antique Armour Boutique.
 31510 | Elf:2    | Bought a pair of faintly humming gloves for 370 gold pieces
 31510 | Elf:2    | Identified the +1 pair of gloves of the Pit {rN+ Int+4}
                  | (You bought it in a shop on level 2 of the Elven Halls)
 31653 | Elf:2    | Reached XP level 19. HP: 137/189 MP: 6/18
 32146 | Elf:3    | Entered Level 3 of the Elven Halls
 32241 | Elf:3    | Identified the +6 war axe of Ambiguity {antimagic, rF+
                  | Dex+6 SInv} (Trog gifted it to you on level 3 of the Elven
                  | Halls)
 32241 | Elf:3    | Received a gift from Trog
 32247 | Elf:3    | Paralysed by an air elemental for 1 turns
 32252 | Elf:3    | Paralysed by an air elemental for 1 turns
 32256 | Elf:3    | Paralysed by an air elemental for 1 turns
 32517 | Elf:3    | Found Rousheh's Book Shop.
 32648 | Elf:3    | Received a gift from Trog
 32747 | Elf:3    | Identified the +5 ring mail of the Original Sin {Stlth+}
 32750 | Elf:3    | Identified the ring of Weopauw {Ice Will++ rCorr Str-4
                  | Dex+3}
 32766 | Elf:3    | Identified the +7 plate armour of Golden Fun {rElec rPois
                  | Str-5 SInv}
 32804 | Elf:3    | Identified the staff "Guninora" {Fragile Fly rF+ rN+ Dex+2
                  | Fire}
 32915 | Elf:3    | Identified the amulet of Jiuwis {Harm rElec Regen+ Slay-2}
 33594 | Elf:3    | Reached skill level 1 in Staves
 34158 | Vaults:1 | Entered Level 1 of the Vaults
 34310 | Vaults:1 | Reached skill level 5 in Stealth
 34383 | Vaults:1 | Found a flickering gateway to a bazaar.
 34396 | Bazaar   | Entered a bazaar
 34396 | Bazaar   | Found Etip Egg's Distillery.
 34396 | Bazaar   | Found Keeqelomy's General Store.
 34398 | Bazaar   | Found Fimmo's Jewellery Shop.
 34422 | Bazaar   | Found Foink's Distillery.
 34430 | Bazaar   | Found Gudepn's Magic Scroll Shop.
 34432 | Bazaar   | Bought a potion of might for 40 gold pieces
 34434 | Bazaar   | Bought 2 potions of haste for 200 gold pieces
 34441 | Bazaar   | Bought a scroll of fear for 60 gold pieces
 34506 | Bazaar   | Bought the ring "Abrej" {rN+ Str+3 Int+5} for 306 gold
                  | pieces
 34506 | Bazaar   | Bought an amulet of reflection for 210 gold pieces
 34889 | Vaults:1 | Received a gift from Trog
 35236 | Vaults:1 | Reached skill level 22 in Fighting
 35603 | Vaults:2 | Reached skill level 5 in Staves
 35603 | Vaults:2 | Reached XP level 20. HP: 177/200 MP: 19/19
 36132 | Vaults:2 | Identified the ring of Leuninee {rPois Str+2}
 36498 | Vaults:2 | Found a staircase to the Crypt.
 36598 | Vaults:2 | Received a gift from Trog
 37585 | Vaults:3 | Received a gift from Trog
 38012 | Vaults:3 | Reached skill level 10 in Evocations
 38148 | Vaults:3 | Noticed Jory
 38162 | Vaults:3 | Killed Jory
 38308 | Vaults:3 | Reached skill level 10 in Staves
 38571 | Vaults:4 | Received a gift from Trog
 38605 | Vaults:4 | Reached skill level 10 in Throwing
 38605 | Vaults:4 | Reached XP level 21. HP: 210/210 MP: 20/20
 38812 | Vaults:4 | Found Damn's Weapon Emporium.
 38896 | Vaults:4 | Reached skill level 23 in Fighting
 39022 | Vaults:4 | Reached XP level 22. HP: 220/220 MP: 21/21
 39605 | Vaults:5 | Entered Level 5 of the Vaults
 39714 | Vaults:5 | Noticed an ancient lich
 39722 | Vaults:5 | Received a gift from Trog
 39723 | Vaults:5 | Noticed an ancient lich
 39736 | Vaults:5 | Killed an ancient lich
 39744 | Vaults:4 | Killed an ancient lich
 39883 | Vaults:5 | Noticed a dread lich
 39907 | Vaults:5 | Killed a dread lich
 39917 | Vaults:5 | Received a gift from Trog
 39919 | Vaults:5 | Noticed a golden dragon
 39933 | Vaults:5 | Killed a golden dragon
 40597 | Vaults:5 | Identified the +3 scimitar of Courage {heavy, Drain Will++
                  | MP+9 Dex+3}
 40639 | Vaults:5 | Identified the staff "Onkuyphu" {rElec rC+ rN+ MP+9 Necro}
 40734 | Vaults:5 | Identified the +6 dagger "Gakeunn" {vamp, Fragile rC+
                  | Dex+3}
 40752 | Vaults:5 | Got a silver rune of Zot
 40788 | Vaults:5 | Identified the +2 scale mail of Noaraake {+Inv rElec rC+}
 41103 | Vaults:5 | Reached skill level 15 in Staves
 41110 | Vaults:5 | Reached XP level 23. HP: 174/229 MP: 22/22
 41146 | Vaults:5 | Identified the +2 mace of Zaorem {elec, rElec rC++ Dex+2
                  | Stlth-}
 41802 | Depths:1 | Entered Level 1 of the Depths
 41850 | Depths:1 | Reached skill level 24 in Fighting
 41995 | Depths:1 | Found a one-way gateway to a ziggurat.
 42026 | Depths:1 | Found a basalt altar of Yredelemnul.
 42310 | Depths:1 | Found a gateway to Hell.
 42608 | Depths:2 | Identified the +6 broad axe "Ruxarutt" {heavy, Fly Dex+2
                  | SInv} (Trog gifted it to you on level 2 of the Depths)
 42608 | Depths:2 | Received a gift from Trog
 42745 | Depths:2 | You are sucked into a shaft and drop 2 floors!
 42745 | Depths:4 | Entered Level 4 of the Depths
 43429 | Depths:2 | Identified the +3 scimitar of Luxury {flame, *Noise Dex+5}
 43598 | Depths:2 | Found a runed translucent gate.
 43598 | Depths:2 | Found a runed translucent gate.
 43598 | Depths:2 | Found a runed translucent gate.
 43599 | Depths:2 | Found a viscous altar of Jiyva.
 43599 | Depths:2 | Noticed Plog's ghost (adept TrMo)
 43705 | Depths:2 | Found a one-way gate to the infinite horrors of the Abyss.
 43849 | Depths:2 | Found a one-way gate leading to the halls of Pandemonium.
 44032 | Depths:2 | Received a gift from Trog
 44034 | Depths:2 | Killed Plog's ghost
 44265 | Depths:3 | Found a runed translucent door.
 44269 | Depths:3 | Killed from afar by a frost giant

Illustrated notes

Levels and vault maps discovered:
D:1:      dpeg_arrival_water_temple_mockup, layout_loops_ring,
          basic_ecumenical_altar
D:2:      layout_basic, serial_shops, nicolae_shop_tiny_statue_garden,
          uniq_robin
D:3:      layout_basic
D:4:      minmay_angry_zag, layout_basic, mainiacjoe_overflow_swirl,
          lightli_temple_of_fire, serial_shops, nicolae_shop_industrial_runoff,
          grunt_ministairs_12
D:5:      lemuel_insect_pit, layout_cave_pools,
          minmay_temple_entry_glassed_door, serial_park, serial_park_avenue1,
          serial_park_square3 [serial_park_minivault_5x5_7],
          serial_park_tiny_pond
D:6:      layout_basic, serial_shops, nicolae_shop_hallway_plus,
          nrook_pool_corridor, dk_noncrumbling_2, chequers_serial_rivers_room_b,
          kennysheep_windowed_goal, uniq_menkaure
D:7:      layout_rooms, uniq_duvessa
D:8:      layout_loops_ring, hangedman_decor_push, minmay_starry_boxes
D:9:      layout_basic, kennysheep_mini, serial_shops,
          nicolae_shop_bloodbath_and_beyond, hangedman_abyss_or_decor_clamps,
          uniq_pikel
D:10:     layout_irregular_city, trog_wizard, erik_lair_island
D:11:     layout_cave_pools, uniq_grum, uniq_lodul
D:12:     layout_long_grid, minmay_crystal_water
D:13:     layout_loops_cross, grunt_vaults_entry_tiered, uniq_sonja
D:14:     layout_basic, minmay_holes, uniq_jorgrun, uniq_frances, uniq_rupert
D:15:     grunt_enter_depths_hoard, layout_loops_corners, ashenzari_altar_1,
          portal_ice_cave_entry_ice_statue_two, uniq_nessos
Temple:   sentei_temple_godly_chess
Lair:1:   layout_hall_layers
Lair:2:   layout_regular_city, elwin_shoals_entry_rooms,
          minmay_snake_entry_six_corridors, chequers_serial_rivers_micro_d
Lair:3:   layout_layer_cave, beast_lair_carwin_6, grunt_megastairs_3,
          infiniplex_staircase_pool, lemuel_fruit_tree
Lair:4:   layout_roguey, minmay_slime_entry_pillars, beast_lair_carwin_10,
          grunt_megastairs_4, uniq_urug
Lair:5:   guppyfry_lair_end_dragon, layout_regular_city,
          hangedman_lair_tendril_chambers, nicolae_lair_time_for_slime,
          serial_bayou_shore_b
Shoals:1: layout_shoals, nicolae_shoals_mertower, uniq_roxanne
Shoals:2: cheibrodos_shoals_epimethial_gifts, layout_shoals
Shoals:3: layout_shoals, uniq_polyphemus, uniq_ilsuiw, uniq_kirke
Shoals:4: shoals_end_grunt_ice, layout_shoals, nicolae_shop_firing_range
Snake:1:  layout_onion_interference, minmay_shop_grid_forest, grunt_megastairs_2
Snake:2:  layout_cave_pods, nicolae_shop_i_like_small_books_too,
          serial_nicolae_subway, nicolae_sub_station_stone,
          nicolae_sub_station_metal, nicolae_sub_station_crystal
Snake:3:  layout_basic, serial_shops, shop, shop, nicolae_shop_gibbet_a_chance,
          st_stairs_9
Snake:4:  hellmonk_snake_rune_quicksilver_temple, layout_onion, basic_altar,
          st_stairs_14, lightli_airlock, uniq_saint_roka
Orc:1:    layout_caves, david_defended_altar_orc
Orc:2:    grunt_orc_tribal_feast, layout_caves, mines1_david
Elf:1:    layout_geoelf_diagonals, minmay_elf_demonology
Elf:2:    nicolae_elf_blades_crystal_corner, layout_loops_cross, serial_shops,
          nicolae_lakefront_shop, shop_fountains, nicolae_lakefront_shop,
          nicolae_concentric_dashed_squares_mild, hangedman_elf_targetted_burst,
          uniq_louise
Elf:3:    minmay_elf_hall_quartered_circle, layout_geoelf_castle, serial_shops,
          shop, st_stairs_10, nicolae_elf_loose_elemental_storage
Vaults:1: nicolae_vaults_little_guard_posts, dpeg_vaults_monster_row, v_rooms_6,
          nicolae_vaults_apartment_2, v_misc_30, grunt_vaults_hallway_short,
          layout_vaults_omnigrid, serial_shops, bzr_entry_customers
Vaults:2: vaults_dpeg_encased_lava, nicolae_vaults_trapezoid_3,
          nicolae_vaults_tetromino_T_1, ontoclasm_vaults_pinch,
          minmay_crypt_entry_simple_box, nicolae_vaults_rhombus_7, v_misc_25,
          nicolae_vaults_little_squares_1, nicolae_vaults_trapezoid_4,
          kb_rosetta, vaults_dpeg_emergency_exit,
          vaults_mumra_minichess_inversion, nicolae_vaults_heist,
          grunt_vaults_funnel, layout_vaults_omnicross
Vaults:3: nicolae_vaults_octothorpe, nicolae_vaults_little_squares_6,
          hangedman_vaults_snaps, hangedman_vaults_nails,
          nicolae_vaults_tetromino_Z_1, v_misc_22, hangedman_vaults_maws,
          ontoclasm_vaults_ligature, nicolae_vaults_network_barrier,
          nicolae_vaults_security_offices_6, grunt_vaults_hallway_long,
          vaults_room_fours, nicolae_vaults_wine_cellar,
          ontoclasm_vaults_hangar, nicolae_vaults_trapezoid_1,
          nicolae_vaults_shelves_hall, v_misc_19, layout_vaults_maze_snakey,
          uniq_jory
Vaults:4: nicolae_vaults_layer_cake_slice, nicolae_vaults_six-pack,
          nicolae_vaults_double_plus_1, nicolae_vaults_more_shelving_1,
          vaults_room_door_hall, nicolae_vaults_triangles, v_misc_15, v_misc_15,
          v_misc_10, hangedman_vaults_stretched_pinwheel, layout_vaults_omnibox,
          serial_shops, shop
Vaults:5
Depths:1: layout_cave_pools, enter_ziggurat_e, minivault_11,
          grunt_mini_vestibule, yredelemnul_forgotten_temple_becter
Depths:2: nzn_winding_woodlands_small [nzn_winding_woodlands_5x15_default,
          nzn_winding_woodlands_center_triple_pond,
          nzn_winding_woodlands_5x15_lazy_stream], layout_cave_pools,
          minmay_misc_feat_chi, abyss_entry_small_statue_room,
          gammafunk_ghost_ooze, grunt_pan_entry_sceptre, hell_entry,
          kennysheep_small_circle
Depths:3: minmay_the_grid_four_pointed_star_mashed
          [minmay_the_grid_triangle_9x9_subtriangle,
          minmay_the_grid_triangle_9x9_sparse_checkered,
          minmay_the_grid_triangle_9x9_descending_squares,
          minmay_the_grid_triangle_9x9_longest,
          minmay_the_grid_prize_four_corners_diamond_a], layout_basic,
          abyss_entry, hell_entry, hangedman_decor_points, serial_bayou_shore_a,
          infiniplex_staircase_zigzag_4, firewood_loft, minmay_shoptagon
Depths:4: grunt_zot_entry_alcove, layout_gridlike, hangedman_coc_ice_floe,
          nicolae_twisty_statue_hallways

Skill      XL: |  1  2  3  4  5  6  7  8  9 10 11 12 13 14 15 16 17 18 19 20 21 22 23 |
---------------+----------------------------------------------------------------------+-----
Fighting       | 4 5 6 7 9 10 12 13 15 16 17 18 20 21 22 23 24 | 24.7
Axes           | 4 5 6 7 9 10 12 13 15 16 17 18 | 18.0
Armour         | 3 4 5 6 7 9 10 12 13 14 16 17 18 19 | 19.7
Dodging        | 3 4 5 6 8 9 10 12 13 14 16 17 18 19 20 21 22 | 22.0
Evocations     | 3 5 6 7 9 10 11 12 | 12.7
Shields        | 7 10 11 | 11.1
Throwing       | 6 8 10 12 13 | 13.0
Stealth        | 2 5 |  5.0
Staves         | 5 10 11 15 16 | 16.0

Action                     |  1- 3 |  4- 6 |  7- 9 | 10-12 | 13-15 | 16-18 | 19-21 | 22-24 || total
---------------------------+-------+-------+-------+-------+-------+-------+-------+-------++-------
  Melee: Hand axe          |    87 |   160 |   239 |   296 |       |       |       |       ||   782
         Headbutt          |     7 |    24 |    47 |   136 |   227 |   356 |   249 |   240 ||  1286
         Punch             |     1 |       |     3 |     9 |     8 |     6 |       |       ||    27
         Whip              |       |       |       |    18 |       |       |       |       ||    18
         Dire flail        |       |       |       |   241 |    36 |       |       |       ||   277
         War axe           |       |       |       |    16 |       |       |       |       ||    16
         Broad axe         |       |       |       |       |   882 |  1517 |   822 |   742 ||  3963
  Throw: Dart              |       |       |     2 |     3 |       |     2 |       |       ||     7
         Throwing net      |       |       |       |     3 |       |       |       |       ||     3
 Invoke: Berserk           |     1 |     3 |     8 |     6 |     4 |     3 |       |     1 ||    26
         Brothers in Arms  |       |       |       |       |     3 |     3 |     4 |     5 ||    15
         Trog's Hand       |       |       |       |       |     3 |     1 |     3 |     3 ||    10
  Evoke: Wand              |       |       |       |     7 |     4 |    13 |     1 |     3 ||    28
         Phial of floods   |       |       |       |       |       |       |       |     1 ||     1
    Use: Scroll            |       |     9 |     4 |    13 |     9 |    12 |     3 |     3 ||    53
         Potion            |       |       |       |       |     7 |     9 |    10 |     6 ||    32
   Stab: Sleeping          |     1 |     2 |       |       |       |       |       |       ||     3
         Confused          |       |       |       |       |     1 |       |       |       ||     1
         Invisible         |       |       |       |       |       |    11 |     9 |       ||    20
         Petrified         |       |       |       |       |       |     1 |       |       ||     1
         Distracted        |       |       |       |       |       |       |       |     3 ||     3
 Armour: Animal skin       |    22 |    42 |     4 |       |       |       |       |       ||    68
         Scale mail        |       |       |    45 |       |       |       |       |       ||    45
         Crystal plate arm |       |       |   101 |   497 |   791 |  1183 |   327 |   484 ||  3383
  Dodge: Dodged            |    60 |    86 |   143 |   206 |   601 |   700 |   252 |   345 ||  2393
  Block: Kite shield       |       |       |       |       |       |   822 |   568 |   873 ||  2263
         Reflection        |       |       |       |       |       |       |    45 |    48 ||    93

Table legend: (Time is in decaauts)
 A = Elapsed time spent in this place.
 B = Non-inter-level travel time spent in this place.
 C = Inter-level travel time spent in this place.
 D = Time resting spent in this place.
 E = Time spent auto-exploring this place.
 F = Levels seen in this place.
 G = Mean time per level.
                   A        B        C        D        E       F      G
               +--------+--------+--------+--------+--------+-----+--------+
         Total |  43951 |  42386 |   1565 |   3981 |  19578 |  44 |  998.9 |
       Dungeon |  14474 |  13854 |    620 |   1665 |   7441 |  15 |  964.9 |
        Temple |      1 |      1 |      0 |      0 |      0 |   1 |    1.0 |
          Lair |   5415 |   5087 |    328 |      0 |   3479 |   5 | 1083.0 |
        Shoals |   4052 |   4002 |     50 |    204 |   1032 |   4 | 1013.0 |
     Snake Pit |   4472 |   4277 |    195 |    534 |   2002 |   4 | 1118.0 |
  Orcish Mines |   1449 |   1287 |    162 |      0 |    531 |   2 |  724.5 |
   Elven Halls |   4324 |   4264 |     60 |    241 |   1518 |   3 | 1441.3 |
        Vaults |   7161 |   7015 |    146 |    867 |   2909 |   5 | 1432.2 |
        Depths |   2406 |   2406 |      0 |    468 |    619 |   4 |  601.5 |
        Bazaar |    192 |    192 |      0 |      0 |     45 |   1 |  192.0 |
               +--------+--------+--------+--------+--------+-----+--------+

Top non-repeatable levels by time:
   Elf:3: 1736 daAuts
     D:4: 1706 daAuts
Vaults:5: 1705 daAuts
Depths:2: 1452 daAuts
Vaults:3: 1446 daAuts
Vaults:2: 1442 daAuts
 Snake:4: 1403 daAuts
  Lair:5: 1374 daAuts
    D:15: 1332 daAuts
 Snake:2: 1322 daAuts
Vaults:4: 1320 daAuts
   Elf:2: 1319 daAuts
   Elf:1: 1268 daAuts
Vaults:1: 1246 daAuts
  Lair:3: 1222 daAuts
